 Dungeon Crawl Stone Soup version 0.31-a0-75-g6fe912e8c5 (webtiles) character file.

Game seed: 1888763148900234761

25 dreadwin the Conjurer (level 3, 0/14 (30) HPs)
             Began as a Meteoran Reaver on May 24, 2023.
             Was a Follower of Zin.
             Succumbed to an adder's poison
             ... on level 2 of the Dungeon.
             The game lasted 00:03:13 (678 turns).

dreadwin the Conjurer (Meteoran Reaver)              Turns: 678, Time: 00:03:14

HP:   0/14 (30)     AC:  4    Str: 14    XL:     3   Next: 38%
MP:   8/8           EV: 12    Int: 16    God:    Zin [*.....]
Gold: 21            SH:  0    Dex: 18    Spells: 4/7 levels left

rFire   + . .        a - +0 spear
rCold   . . .        (no shield)
rNeg    . . .        b - +0 leather armour
rPois   .            (no helmet)
rElec   .            (no cloak)
rCorr   .            e - +0 pair of gloves
SInv    .            (no boots)
Will    .....        (no amulet)
Stlth   +            i - +6 ring of dexterity
HPRegen 0.22/turn    f - ring of protection from fire
MPRegen 0.11/turn

%: no passive effects
@: lethally poisoned (0 -> -2), glowing, extremely drained
A: sense surroundings 1, otherworldly, glowing, explore regen
a: Renounce Religion, Recite, Donate Gold


You were on level 2 of the Dungeon.
You worshipped Zin.
Zin was aware of your devotion.
You visited 1 branch of the dungeon, and saw 2 of its levels.

You collected 23 gold pieces.
You donated 2 gold pieces to Zin.

Inventory:

Hand Weapons
 a - a +0 spear (weapon)
Armour
 b - a +0 leather armour (worn)
 e - a +0 pair of gloves (worn)
Jewellery
 f - a ring of protection from fire (right hand)
 i - a +6 ring of dexterity (left hand)
Scrolls
 c - a scroll of identify {unknown}
 d - 2 scrolls of enchant armour {unknown}
 g - a scroll of vulnerability {unknown}
 k - a scroll of teleportation {unknown}
Potions
 h - 2 potions of brilliance {unknown}
 j - a potion of enlightenment {unknown}


   Skills:
 + Level 2.4 Fighting
 + Level 4.1 Polearms
 + Level 2.5 Dodging
 + Level 2.9 Spellcasting
 + Level 4.1 Conjurations
 + Level 0.2 Necromancy


You had 4 spell levels left.
You knew the following spells:

 Your Spells              Type           Power      Damage    Failure   Level
a - Kiss of Death         Conj/Necr      32%        2d7       12%         1
b - Momentum Strike       Conj/Tloc      14%        3d8       19%         2

Your spell library contained the following spells:

 Spells                   Type           Power      Damage    Failure   Level
 Hailstorm                Conj/Ice       7%         3d4       34%         3


Dungeon Overview and Level Annotations

Branches:
Dungeon (2/15) Zot: 527

Altars:
Zin


Innate Abilities, Weirdness & Mutations

You passively map a small area around you.
You are easily found by Zot.
You glow in the dark.
You regain HP and MP as you explore.


Message History

You kill the giant cockroach!
The goblin misses you.
You see here a giant cockroach corpse.
You hit the goblin.
You kill the goblin!
You see here a +0 dagger.
An adder comes into view.
The adder hisses angrily.
There is a stone staircase leading up here.
You climb upwards.
There is a stone staircase leading down here.
There is a stone staircase leading down here.
You open the door.
There is an open door here.
Done exploring.
There is an escape hatch in the floor here.
You slide downwards.
The hatch slams shut behind you.
Found a stone staircase leading down.
Found a sedimented silvery potion.
You barely miss the adder. The adder bites you.
You closely miss the adder. The adder bites you.
You barely miss the adder. The adder bites you. x2
* * * LOW HITPOINT WARNING * * *
You are lethally poisoned!
The adder poisons you!
You hit the adder.
The adder is lightly wounded.
* * * LOW HITPOINT WARNING * * *
You feel sick. The adder bites you but does no damage.
You miss the adder.
The adder is lightly wounded.
* * * LOW HITPOINT WARNING * * *
You feel sick. The adder bites you but does no damage.
You hit the adder.
The adder is heavily wounded.
* * * LOW HITPOINT WARNING * * *
You feel sick. The adder barely misses you.
You hit the adder.
The adder is almost dead.
You die...

,
............#
,
###.#######.#
, *#......# ,
, #.###### *
, , #.# ,*#.#
. # *#.#
....#.##.#
......S@.#
....#.#### *
! .. ,,, ...
, * * ... ..
, * * ., , *
* ** * , , *


You could see an adder.

Vanquished Creatures
  2 bats (D:1)
  2 endoplasms (D:1)
  3 giant cockroaches
  2 goblins
  3 jackals (D:1)
  A kobold (D:1)
  2 quokkas (D:1)
  4 ball pythons (D:1)
  A frilled lizard (D:1)
  A rat (D:1)
21 creatures vanquished.

Notes
Turn   | Place    | Note
-------+----------+-------------------------------------------
     0 | D:1      | dreadwin the Meteoran Reaver began the quest for the Orb.
     0 | D:1      | Reached XP level 1. HP: 17/17 MP: 5/5
   124 | D:1      | Reached XP level 2. HP: 19/19 MP: 6/6
   150 | D:1      | Learned a level 2 spell: Momentum Strike
   225 | D:1      | Reached XP level 3. HP: 17/17 MP: 4/8
   258 | D:1      | Found a faded altar of an unknown god.
   271 | D:1      | Prayed at the altar of an unknown god.
   271 | D:1      | Became a worshipper of Zin the Law-Giver
   271 | D:1      | Reached * piety under Zin
   505 | D:1      | Glimpsed the power of Zot.
   678 | D:2      | Succumbed to an adder's poison

Illustrated notes

Levels and vault maps discovered:
D:1:      tarquinn_simple_flora_water_d, layout_basic,
          ebering_ecumenical_altar_sacrificial
D:2:      layout_basic

Skill      XL: |  1  2 |
---------------+-------+-----
Conjurations   | 4 |  4.1
Polearms       | 4 |  4.1
Fighting       | |  2.4
Dodging        | |  2.5
Spellcasting   | |  2.9
Necromancy     | |  0.2

Action                     || total
---------------------------++-------
  Melee: Spear             ||    53
   Cast: Kiss of Death     ||     5
 Armour: Leather armour    ||    17
  Dodge: Dodged            ||    33

Table legend: (Time is in decaauts)
 A = Elapsed time spent in this place.
 B = Non-inter-level travel time spent in this place.
 C = Inter-level travel time spent in this place.
 D = Time resting spent in this place.
 E = Time spent auto-exploring this place.
 F = Levels seen in this place.
 G = Mean time per level.
                   A        B        C        D        E       F      G
               +--------+--------+--------+--------+--------+-----+--------+
         Total |    672 |    672 |      0 |      0 |    431 |   2 |  336.0 |
       Dungeon |    672 |    672 |      0 |      0 |    431 |   2 |  336.0 |
               +--------+--------+--------+--------+--------+-----+--------+

Top non-repeatable levels by time:
     D:1: 616 daAuts
     D:2: 55 daAuts
